Workbook

Sheet Carátula
B2: CRITERIOS TÉCNICOS VALORABLES
B4: Nombre licitador
B5: NIF licitador
B6: Nombre fabricante software
B10: Instrucciones Hoja "Criterios técnicos"
B11: Columna | C11: Grupo | D11: Valor | E11: Descripción | F11: Tipo columna
B12: Columna A | C12: Requerimiento | D12: Categoría | E12: Área en la que se agrupa el requerimiento | F12: Informativa
B13: Columna B | D13: Nº | E13: Número que identifica de manera unívoca el requerimiento. | F13: Informativa
B14: Columna C | D14: Descripción | E14: Descripción del requerimiento. | F14: Informativa
B15: Columna D | D15: Criterio de valoración | E15: Criterio de valoración que se utilizará para la valoración del requerimiento. | F15: Informativa
B16: Columna E | C16: Prioridad | D16: Prioridad | E16: Prioridad asignada por IFEMA al requerimiento, pudiendo ser Alta/Media/Baja. | F16: Informativa
B17: Columna F | D17: Peso | E17: Peso asignado por IFEMA al requerimiento en función de la prioridad del mismo. Prioridad alta - 0,8 Prioridad media - 0,4 Prioridad baja - 0,1 | F17: Informativa
B18: Columna G | D18: Puntuación Maxima | E18: Puntuación máxima del requerimiento en función de la prioridad del mismo. Prioridad alta - 8 ptos Prioridad media - 4 ptos. Prioridad baja - 1 ptos. | F18: Informativa
B19: Columna H | C19: Respuesta licitador | D19: Respuesta | E19: Columna a cumplimentar por el licitador con uno de los valores posibles para dicho requerimiento (columna D). | F19: A cumplimentar por el licitador
B20: Columna I | D20: Justificación | E20: Columna a cumplimentar por el licitador con la información relevante para la justificación de la respuesta introducida en la columna H. | F20: A cumplimentar por el licitador
B21: Columna J | D21: Puntuación | E21: Puntuación obtenida por el licitador. Se calcula automática en función del valor introducido en la columna H. | F21: Informativa

Sheet Criterios técnicos
A1: REQUERIMIENTO | E1: PRIORIDAD | H1: RESPUESTA LICITADOR
A2: Categoría | B2: Nº | C2: Descripción | D2: Criterio de valoración | E2: Prioridad | F2: Peso | G2: Puntuación Máxima | H2: Respuesta | I2: Justificación | J2: Puntuación (Automático)
A3: Productividad | B3: 1 | C3: Buscador global en la aplicación. Esto realiza la búsqueda en todos los objetos de la aplicación incluyendo los personalizados | D3: A .- Capacidad no soportada por la plataforma: 0 puntos B .- Requiere desarrollo tecnológico: 2 puntos C .- Requiere configuración de la plataforma: 6 puntos D.- Funcionamiento ESTÁNDAR sin necesidad de configuración o desarrollo: 10 puntos | E3: Baja | F3: =VLOOKUP(E3,Valores!A:B,2,0) -> 0.1 | G3: =F3*10 -> 1 | J3: =IFERROR(VLOOKUP(H3,Valores!$E:$F,2,0)*F3,0) -> 0
A4: Productividad | B4: 2 | C4: Posibilidad de generar emails a partir de plantillas (HTML o Microsoft Word) y que incluyan archivos adjuntos. | D4: B .- Requiere desarrollo tecnológico: 2 puntos C .- Requiere configuración de la plataforma: 6 puntos D.- Funcionamiento ESTÁNDAR sin necesidad de configuración o desarrollo: 10 puntos | E4: Media | F4: =VLOOKUP(E4,Valores!A:B,2,0) -> 0.4 | G4: =F4*10 -> 4 | J4: =IFERROR(VLOOKUP(H4,Valores!$E:$F,2,0)*F4,0) -> 0
A5: Productividad | B5: 3 | C5: Los usuarios pueden configurar su pagina de inicio, seleccionando diferentes elementos y su ubicación. | D5: A .- Capacidad no soportada por la plataforma: 0 puntos B .- Requiere desarrollo tecnológico: 2 puntos C .- Requiere configuración de la plataforma: 6 puntos D.- Funcionamiento ESTÁNDAR sin necesidad de configuración o desarrollo: 10 puntos | E5: Baja | F5: =VLOOKUP(E5,Valores!A:B,2,0) -> 0.1 | G5: =F5*10 -> 1 | J5: =IFERROR(VLOOKUP(H5,Valores!$E:$F,2,0)*F5,0) -> 0
A6: Productividad | B6: 4 | C6: Los usuarios disponen de calendarios compartidos entre ellos y con clientes o potenciales clientes | D6: A .- Capacidad no soportada por la plataforma: 0 puntos B .- Requiere desarrollo tecnológico: 2 puntos C .- Requiere configuración de la plataforma: 6 puntos D.- Funcionamiento ESTÁNDAR sin necesidad de configuración o desarrollo: 10 puntos | E6: Alta | F6: =VLOOKUP(E6,Valores!A:B,2,0) -> 0.8 | G6: =F6*10 -> 8 | J6: =IFERROR(VLOOKUP(H6,Valores!$E:$F,2,0)*F6,0) -> 0
A7: Movilidad | B7: 5 | C7: Aplicación móvil nativa para iOS y Android con funcionalidades de venta, marketing y atención al cliente | D7: A .- La funcionalidad se encuentra distribuida en 2 o más apps: 0 puntos D.- Toda la funcionalidad se encuentra en 1 app única: 10 puntos | E7: Alta | F7: =VLOOKUP(E7,Valores!A:B,2,0) -> 0.8 | G7: =F7*10 -> 8 | J7: =IFERROR(VLOOKUP(H7,Valores!$E:$F,2,0)*F7,0) -> 0
A8: Movilidad | B8: 6 | C8: Puntuación media de la aplicación móvil en los marketplace de iOS (App Store) y de Android (Google Play). Para su valoración se tendrá en cuenta la puntuación inferior entre las apps de iOS y de Android. | D8: A .- Puntuación inferior a 1 sobre 5: 0 puntos B .- Puntuación entre 1 y 2,9 sobre 5: 2 puntos C .- Puntuación entre 3 y 3,9 sobre 5: 6 puntos D.- Puntuación superior a 4 sobre 5: 10 puntos | E8: Alta | F8: =VLOOKUP(E8,Valores!A:B,2,0) -> 0.8 | G8: =F8*10 -> 8 | J8: =IFERROR(VLOOKUP(H8,Valores!$E:$F,2,0)*F8,0) -> 0
A9: Movilidad | B9: 7 | C9: Funcionamiento de la aplicación móvil sin conexión de datos (por ejemplo, en un avión). | D9: A .- Capacidad no soportada por la plataforma: 0 puntos B .- Requiere desarrollo tecnológico: 2 puntos C .- Requiere configuración de la plataforma: 6 puntos D.- Funcionamiento ESTÁNDAR sin necesidad de configuración o desarrollo: 10 puntos | E9: Media | F9: =VLOOKUP(E9,Valores!A:B,2,0) -> 0.4 | G9: =F9*10 -> 4 | J9: =IFERROR(VLOOKUP(H9,Valores!$E:$F,2,0)*F9,0) -> 0
A10: Movilidad | B10: 8 | C10: Funcionalidad de búsqueda en modo sin conexión: posibilidad de encontrar registros en el dispositivo móvil sin conexión a internet | D10: A .- Capacidad no soportada por la plataforma: 0 puntos B .- Requiere desarrollo tecnológico: 2 puntos C .- Requiere configuración de la plataforma: 6 puntos D.- Funcionamiento ESTÁNDAR sin necesidad de configuración o desarrollo: 10 puntos | E10: Media | F10: =VLOOKUP(E10,Valores!A:B,2,0) -> 0.4 | G10: =F10*10 -> 4 | J10: =IFERROR(VLOOKUP(H10,Valores!$E:$F,2,0)*F10,0) -> 0
A11: Movilidad | B11: 9 | C11: Integración con el correo electrónico nativo del dispositivo móvil. | D11: A .- Capacidad no soportada por la plataforma: 0 puntos B .- Requiere desarrollo tecnológico: 2 puntos C .- Requiere configuración de la plataforma: 6 puntos D.- Funcionamiento ESTÁNDAR sin necesidad de configuración o desarrollo: 10 puntos | E11: Alta | F11: =VLOOKUP(E11,Valores!A:B,2,0) -> 0.8 | G11: =F11*10 -> 8 | J11: =IFERROR(VLOOKUP(H11,Valores!$E:$F,2,0)*F11,0) -> 0
A12: Movilidad | B12: 10 | C12: Integración con la agenda de contactos del dispositivo móvil. | D12: A .- Capacidad no soportada por la plataforma: 0 puntos B .- Requiere desarrollo tecnológico: 2 puntos C .- Requiere configuración de la plataforma: 6 puntos D.- Funcionamiento ESTÁNDAR sin necesidad de configuración o desarrollo: 10 puntos | E12: Alta | F12: =VLOOKUP(E12,Valores!A:B,2,0) -> 0.8 | G12: =F12*10 -> 8 | J12: =IFERROR(VLOOKUP(H12,Valores!$E:$F,2,0)*F12,0) -> 0
A13: Movilidad | B13: 11 | C13: Integración con el calendario del dispositivo móvil. | D13: A .- Capacidad no soportada por la plataforma: 0 puntos B .- Requiere desarrollo tecnológico: 2 puntos C .- Requiere configuración de la plataforma: 6 puntos D.- Funcionamiento ESTÁNDAR sin necesidad de configuración o desarrollo: 10 puntos | E13: Alta | F13: =VLOOKUP(E13,Valores!A:B,2,0) -> 0.8 | G13: =F13*10 -> 8 | J13: =IFERROR(VLOOKUP(H13,Valores!$E:$F,2,0)*F13,0) -> 0
A14: Movilidad | B14: 12 | C14: Accesibilidad de todos los objetos y campos personalizados desde el dispositivo móvil. | D14: A .- Capacidad no soportada por la plataforma: 0 puntos B .- Requiere desarrollo tecnológico: 2 puntos C .- Requiere configuración de la plataforma: 6 puntos D.- Funcionamiento ESTÁNDAR sin necesidad de configuración o desarrollo: 10 puntos | E14: Alta | F14: =VLOOKUP(E14,Valores!A:B,2,0) -> 0.8 | G14: =F14*10 -> 8 | J14: =IFERROR(VLOOKUP(H14,Valores!$E:$F,2,0)*F14,0) -> 0
... A71: Integración | B71: 69 | C71: Repositorio propio de artefactos y activos para facilitar el gobierno de APIs de Integracion y proveer de un entorno colaborativo de desarrollo para incrementar la reusabilidad y reducir el tiempo de desarrollo | D71: A .- Capacidad no soportada por la plataforma: 0 puntos D .- Capacidad soportada por la plataforma: 10 puntos | E71: Alta | F71: =VLOOKUP(E71,Valores!A:B,2,0) -> 0.8 | G71: =F71*10 -> 8 | J71: =IFERROR(VLOOKUP(H71,Valores!$E:$F,2,0)*F71,0) -> 0
A72: TOTAL | G72: =SUM(G3:G71) -> 400 | J72: =SUM(J3:J71) -> 0

Sheet Valores
A1: Prioridad | B1: Peso | E1: Respuesta | F1: Puntuación
A2: Alta | B2: 0.8 | E2: A | F2: 0
A3: Media | B3: 0.4 | E3: B | F3: 2
A4: Baja | B4: 0.1 | E4: C | F4: 6
E5: D | F5: 10
